 Dungeon Crawl Stone Soup version 0.31-a0-188-g5e087ee2ca (webtiles) character file.

Game seed: 3730474185312879749

31 qw the Shooter (level 3, -3/20 HPs)
             Began as a Deep Elf Hunter on June 23, 2023.
             Slain by Natasha (8 damage)
             ... on level 2 of the Dungeon.
             The game lasted 00:00:16 (968 turns).

qw the Shooter (Deep Elf Hunter)                     Turns: 968, Time: 00:00:17

Health: -3/20      AC:  3    Str: 10    XL:     3   Next: 7%
Magic:  5/5        EV: 12    Int: 13    God:
Gold:   19         SH:  0    Dex: 18    Spells: 2/2 levels left

rFire   . . .        Y - +0 shortbow
rCold   . . .        (shield currently unavailable)
rNeg    . . .        c - +0 leather armour
rPois   .            (no helmet)
rElec   .            (no cloak)
rCorr   .            (no gloves)
SInv    .            (no boots)
Will    .....        (no amulet)
Stlth   ++           (no ring)
HPRegen 0.23/turn    (no ring)
MPRegen 0.09/turn

%: no passive effects
@: slowed, very slow
A: no striking features
a: no special abilities


You were on level 2 of the Dungeon.
You visited 1 branch of the dungeon, and saw 2 of its levels.

You collected 19 gold pieces.


   Skills:
 - Level 1.5 Fighting
 + Level 6.7 Ranged Weapons
 - Level 2.4 Dodging
 - Level 1.2 Stealth


You had 2 spell levels left.
You didn't know any spells.
Your spell library was empty.

Inventory:

Hand Weapons
 Y - a +0 shortbow (weapon)
Armour
 b - a +0 helmet
 c - a +0 leather armour (worn)
 f - a +0 ring mail
Scrolls
 a - a scroll of teleportation {unknown}
 g - a scroll of poison {unknown}
Potions
 e - a potion of curing {unknown}

Dungeon Overview and Level Annotations

Branches:
Dungeon (2/15)

Altars:

Annotations:
D:2 Natasha


Message History

The cerulean imp disappears in a puff of smoke!
Natasha closely misses you.
You shoot an arrow. The arrow hits Natasha.
Natasha is moderately wounded.
Natasha stares at you and mumbles some strange words.
You feel yourself slow down.
You shoot an arrow. The arrow hits Natasha.
Natasha is heavily wounded.
Natasha closely misses you.
You shoot an arrow. The arrow hits Natasha.
Natasha is almost dead.
Natasha casts a spell at you. The magic dart hits you.
Natasha growls.
Natasha stares at you and mumbles some strange words.
The magic dart hits you!
Ouch! That really hurt!
965 ||| DRINKING potion of heal wounds.
You feel much better.
Natasha casts a spell.
Natasha claws you.
You shoot an arrow.
The arrow hits Natasha but does no damage.
Natasha is almost dead.
Natasha claws you. The cerulean imp misses you.
You shoot an arrow. The arrow barely misses Natasha.
Natasha stares at you and mumbles some strange words.
You feel as though you will be slow longer.
The cerulean imp misses you.
Natasha howls an incantation.
You feel disoriented.
Natasha stares at you and mumbles some strange words.
You feel as though you will be slow longer.
The cerulean imp hits you with a +2 spear.
You shoot an arrow.
The arrow hits Natasha but does no damage.
Natasha is almost dead.
Natasha barely misses you.
The cerulean imp hits you with a +2 spear.
Natasha claws you!
You die...

....# ### ###.#####.##
# #........# .#
#######.## ..# #.#
#..# #######.### ....#
>.........# ###...###
#######.#.####..[....#
#.#....5@h......
#.######.......# #.#
###...### #.# <..# #.#
.## #.# .# #


You could see Natasha and a cerulean imp (summoned).

Vanquished Creatures
  A gnoll (D:1)
  A dart slug (D:2)
  3 ball pythons (D:1)
  2 giant cockroaches (D:1)
  2 goblins
  2 hobgoblins
  3 kobolds (D:1)
  2 quokkas (D:1)
  A bat (D:1)
  2 rats (D:1)
19 creatures vanquished.

Notes
Turn   | Place    | Note
-------+----------+-------------------------------------------
     0 | D:1      | qw the Deep Elf Hunter began the quest for the Orb.
     0 | D:1      | Reached XP level 1. HP: 12/12 MP: 3/3
     0 | D:1      | 0 ||| qw: Version: 0.3-a-9-g12657ce
     0 | D:1      | 0 ||| qw: Game counter: 3490
     0 | D:1      | 0 ||| qw: Always use a shield: true
     0 | D:1      | 0 ||| qw: God list: Okawaru
     0 | D:1      | 0 ||| qw: Allow faded altars: false
     0 | D:1      | 0 ||| qw: Do Orc after D:15 true
     0 | D:1      | 0 ||| qw: Do second Lair branch before Depths: true
     0 | D:1      | 0 ||| qw: Lair rune preference: random
     0 | D:1      | 0 ||| qw: Plans: Normal
     0 | D:1      | 0 ||| PLANNING D:1-11
   143 | D:1      | Reached skill level 6 in Ranged Weapons
   143 | D:1      | Reached XP level 2. HP: 13/16 MP: 4/4
   767 | D:1      | 767 ||| DROPPING +0 robe of positive energy.
   768 | D:1      | 768 ||| READING scroll labelled IGGOATHR KIUL.
   769 | D:1      | 769 ||| DRINKING 2 gluggy clear potions.
   770 | D:1      | 770 ||| DROPPING scroll of butterflies.
   889 | D:2      | Reached XP level 3. HP: 20/20 MP: 5/5
   955 | D:2      | Noticed Natasha
   964 | D:2      | HP: 4/20 [Natasha/magic dart (10)]
   965 | D:2      | 965 ||| DRINKING potion of heal wounds.
   968 | D:2      | Slain by Natasha

Levels and vault maps discovered:
D:1:      lordsloth_arrival_two_stooges, layout_basic, chequers_mini_garden
D:2:      layout_loops_ring, minmay_ruptured, uniq_natasha

Skill      XL: |  1 |
---------------+----+-----
Ranged Weapons | 6 |  6.7
Fighting       | |  1.5
Dodging        | |  2.4
Stealth        | |  1.2

Action                     || total
---------------------------++-------
   Fire: Shortbow          ||    60
    Use: Potion            ||     2
         Scroll            ||     1
 Armour: Leather armour    ||     2
  Dodge: Dodged            ||    18

Table legend:
 A = Non-vault XP
 B = Vault XP
 C = Vault XP percentage of total XP
 D = Non-vault monster count
 E = Vault monster count
 F = Vault count percentage of total count
                 A         B        C        D         E       F
            +---------+---------+-------+---------+---------+-------
      Total |      45 |       0 |   0.0 |      19 |       0 |   0.0
            +---------+---------+-------+---------+---------+-------
        D:1 |      37 |       0 |   0.0 |      16 |       0 |   0.0
        D:2 |       8 |       0 |   0.0 |       3 |       0 |   0.0
            +---------+---------+-------+---------+---------+-------
